 Dungeon Crawl Stone Soup version 0.19-a0-957-gf4ea323 (webtiles) character file.

93 HAL9000 the Changer (level 4, 0/35 HPs)
             Began as a Draconian Transmuter on July 10, 2016.
             Slain by a giant cockroach (1 damage)
             ... on level 3 of the Dungeon.
             The game lasted 00:05:16 (2053 turns).

HAL9000 the Changer (Draconian Transmuter)          Turns: 2053, Time: 00:05:17

Health: 0/35       AC:  6    Str: 13    XL:     4   Next: 36%
Magic:  1/7        EV: 12    Int: 14    God:
Gold:   209        SH:  0    Dex: 11    Spells: 3 memorised, 1 level left

rFire  . . .     SeeInvis .       - Unarmed
rCold  . . .     Gourm    .     (armour unavailable)
rNeg   . . .     Faith    .     (no shield)
rPois  .         Spirit   .     (helmet restricted)
rElec  .         Dismiss  .     g - +0 cloak
rCorr  .         Reflect  .     (no gloves)
SustAt .         Harm     .     (no boots)
MR     .....                    (no amulet)
Stlth  +.........               (no ring)
                                (no ring)

@: appendage (expiring), not resistant to hostile enchantments, very unstealthy
A: unfitting armour, horns 2, cold-blooded, AC +5
a: End Transformation


You were on level 3 of the Dungeon.
You were not hungry.
You had grown temporary horns.
You visited 1 branch of the dungeon, and saw 3 of its levels.
You also visited: Sewer.

You collected 209 gold pieces.

Inventory:

Missiles
 a - 4 arrows
Armour
 g - a +0 cloak (worn)
Scrolls
 e - 2 scrolls of immolation {unknown}
 j - a scroll of enchant armour {unknown}
 m - 3 scrolls of identify {unknown}
 n - a scroll of recharging {unknown}
Books
 b - a book of Changes

   Spells                             Type                      Level
   a - Beastly Appendage              Transmutation                1
   b - Sticks to Snakes               Transmutation                2
   c - Spider Form                    Transmutation/Poison         3
   d - Ice Form                       Ice/Transmutation            4
   e - Blade Hands                    Transmutation                5
Comestibles
 c - a bread ration
 i - a beef jerky


   Skills:
 - Level 1.1 Fighting
 - Level 1.7 Dodging
 + Level 3.8 Unarmed Combat
 - Level 2.0 Spellcasting
 * Level 4.0 Transmutations


You had one spell level left.
You knew the following spells:

 Your Spells              Type           Power        Failure   Level  Hunger
a - Beastly Appendage     Tmut           ##....       4%          1    ##.....
b - Sticks to Snakes      Tmut           ##......     10%         2    ###....
c - Spider Form           Tmut/Pois      #.........   30%         3    ####...


Dungeon Overview and Level Annotations

Branches:
Dungeon (3/15)

Altars:


Innate Abilities, Weirdness & Mutations

Your plain brown scales are hard. (AC +5)
Your body does not fit into most forms of armour.
You are cold-blooded and may be slowed by cold attacks.
You have a pair of horns on your head.


Message History

Welcome back to the Dungeon!
The giant cockroach closely misses you. x2
There is a collapsed entrance here.
You see here a giant cockroach corpse.
Unknown command.
There are monsters nearby!
Unknown command.
You hit the giant cockroach but do no damage.
The giant cockroach bites you but does no damage. x2
The giant cockroach barely misses you.
You hit the giant cockroach but do no damage.
The giant cockroach misses you. x2
You barely miss the giant cockroach. You headbutt the giant cockroach.
You kill the giant cockroach!
The giant cockroach splashes around in the water.
The giant cockroach bites you.
* * * LOW HITPOINT WARNING * * *
Unknown command.
You hit the giant cockroach but do no damage.
The giant cockroach bites you.
You die...

#### ##...
#...# #≈≈≈#
#≈≈≈# #≈≈≈#.
#≈≈≈#.#
#≈@≈#.# ##
#≈≈s#.##### .#
#≈≈≈#.....# .#
#≈≈≈#.....# .#
#≈≈≈#.....# .#
#...#.....# .#
####........##
#######
#......<.....#
..†...#
#..........).#


You could see a giant cockroach.

Vanquished Creatures
  2 adders (D:2)
  An ooze (D:1)
  2 dart slugs
  2 giant geckos (D:2)
  5 giant cockroaches
  4 goblins
  7 hobgoblins
  5 jackals (D:1)
  7 kobolds
  A ball python (D:1)
  A bat (D:2)
  2 giant newts
  8 rats
47 creatures vanquished.

Vanquished Creatures (collateral kills)
  An adder (D:2)
  A worm (D:3)
  2 giant cockroaches (D:3)
  2 jackals (D:1)
  A rat (Sewer)
7 creatures vanquished.

Grand Total: 54 creatures vanquished

Notes
Turn   | Place    | Note
-------+----------+-------------------------------------------
     0 | D:1      | HAL9000 the Draconian Transmuter began the quest for the Orb.
     0 | D:1      | Reached XP level 1. HP: 16/16 MP: 3/3
    41 | D:1      | Reached XP level 2. HP: 21/23 MP: 3/5
   122 | D:1      | Reached skill level 3 in Transmutations
   126 | D:1      | Learned a level 2 spell: Sticks to Snakes
   441 | D:1      | Reached XP level 3. HP: 15/28 MP: 4/6
  1533 | D:2      | Learned a level 3 spell: Spider Form
  1538 | D:2      | Reached XP level 4. HP: 33/35 MP: 3/7
  1924 | D:3      | Found a glowing drain.
  1972 | D:3      | Reached skill level 4 in Transmutations
  2006 | Sewer    | Entered a sewer
  2039 | Sewer    | HP: 1/35 [river rat (6)]
  2052 | D:3      | HP: 1/35 [giant cockroach (2)]
  2053 | D:3      | Slain by a giant cockroach

Vault maps used:
D:1:      lordsloth_arrival_two_stooges, grunt_decor_one_mirror, minmay_bisected
D:3:      grunt_temple_overflow_octagram, portal_sewer_entry_f, first_bread
Sewer:    sewer_minmay_w

Skill      XL: |  1  2  3  4 |
---------------+-------------+-----
Transmutations | 3 4 |  4.0
Fighting       | |  1.1
Dodging        | |  1.7
Unarmed Combat | |  3.8
Spellcasting   | |  2.0

Action                   |  1- 3 |  4- 6 || total
-------------------------+-------+-------++-------
Melee: Unarmed           |   131 |    52 ||   183
       Kick              |    22 |     3 ||    25
       Tailslap          |     4 |     6 ||    10
       Headbutt          |     4 |     1 ||     5
       Punch             |     1 |       ||     1
 Cast: Beastly Appendage |    21 |     8 ||    29
       Sticks to Snakes  |     2 |     6 ||     8
  Use: Potion            |     4 |       ||     4
 Stab: Sleeping          |       |     2 ||     2
  Eat: Chunk             |     2 |     3 ||     5
Armor: Skin              |    50 |    31 ||    81
Dodge: Dodged            |    77 |    57 ||   134
